 Dungeon Crawl Stone Soup version 0.27.1-34-g3ba077fa99 (webtiles) character file.

Game seed: 16992087582102660869

37 iwittbrodt the Magician (level 3, -1/25 HPs)
             Began as a Gnoll Hedge Wizard on Jan 11, 2022.
             Slain by Crazy Yiuf (10 damage)
             ... on level 2 of the Dungeon.
             The game lasted 00:15:48 (1737 turns).

iwittbrodt the Magician (Gnoll Hedge Wizard)        Turns: 1737, Time: 00:15:49

Health: -1/25      AC:  3    Str:  9    XL:     3   Next: 39%
Magic:  8/11       EV: 13    Int: 14    God:
Gold:   57         SH:  0    Dex: 11    Spells: 7/16 levels left

rFire    . . .     SeeInvis .   a - +0 dagger
rCold    . . .     Faith    .   (no shield)
rNeg     . . .     Spirit   .   b - +0 robe
rPois    .         Reflect  .   c - +0 hat
rElec    .         Harm     .   h - +0 cloak
rCorr    .         Rampage  .   (no gloves)
Will     .....                  (no boots)
Stlth    +.........             (no amulet)
HPRegen  0.08/turn              (no ring)
MPRegen  0.12/turn              (no ring)

@: confused, very slightly contaminated
A: fangs 1, strong nose, distributed training
a: no special abilities


You were on level 2 of the Dungeon.
You visited 1 branch of the dungeon, and saw 2 of its levels.

You collected 57 gold pieces.

Inventory:

Hand Weapons
 a - a +0 dagger (weapon)
Missiles
 i - 34 stones
 j - 4 silver javelins
Armour
 b - a +0 robe (worn)
 c - a +0 hat (worn)
 f - a +0 buckler
 h - a +0 cloak (worn)
Scrolls
 e - a scroll of identify {unknown}
Potions
 d - 2 potions of might {unknown}
 g - a potion of attraction {unknown}
 k - a potion of magic {unknown}


   Skills:
 + Level 0.7 Fighting
 + Level 0.7 Short Blades
 + Level 0.7 Long Blades
 + Level 0.7 Axes
 + Level 0.7 Maces & Flails
 + Level 0.7 Polearms
 + Level 0.7 Staves
 + Level 0.7 Slings
 + Level 0.7 Bows
 + Level 0.7 Crossbows
 + Level 0.7 Throwing
 + Level 0.7 Armour
 + Level 4.5 Dodging
 + Level 4.1 Stealth
 + Level 0.7 Shields
 + Level 0.7 Unarmed Combat
 + Level 7.1 Spellcasting
 + Level 2.1 Conjurations
 + Level 0.5 Hexes
 + Level 2.1 Summonings
 + Level 0.5 Necromancy
 + Level 2.1 Translocations
 + Level 0.5 Transmutations
 + Level 0.5 Fire Magic
 + Level 0.5 Ice Magic
 + Level 0.5 Air Magic
 + Level 0.5 Earth Magic
 + Level 0.5 Poison Magic
 + Level 0.9 Invocations
 + Level 0.7 Evocations


You had 7 spell levels left.
You knew the following spells:

 Your Spells              Type           Power      Damage    Failure   Level
a - Magic Dart            Conj           40%        1d5       6%          1
b - Call Imp              Summ           10%        N/A       9%          2
c - Conjure Flame         Conj/Fire      8%         6-21      24%         3
d - Mephitic Cloud        Conj/Pois/Air  7%         N/A       26%         3

Your spell library contained the following spells:

 Spells                   Type           Power      Damage    Failure   Level
 Summon Small Mammal      Summ           40%        N/A       6%          1
 Shock                    Conj/Air       32%        1d5       9%          1
 Blink                    Tloc           N/A        N/A       9%          2
 Slow                     Hex            6%         N/A       17%         2
 Call Canine Familiar     Summ           10%        N/A       17%         3
 Summon Guardian Golem    Hex/Summ       8%         N/A       24%         3
 Swiftness                Air            6%         N/A       34%         3
 Airstrike                Air            3%         N/A       75%         4


Dungeon Overview and Level Annotations

Branches:
Dungeon (2/15)

Altars:
Wu Jian

Annotations:
D:2 Crazy Yiuf


Innate Abilities, Weirdness & Mutations

You have very sharp teeth.
Your uncanny sense of smell can sniff out nearby items.
Your experience applies equally to all skills.


Message History

You now have 57 gold pieces (gained 8).
There is a stone staircase leading down here.
Found a mace.
Found a runed translucent door.
Crazy Yiuf shouts!
Crazy Yiuf laughs, "Rifle cloud aubergine!"
You open the door.
Crazy Yiuf whimpers, "Citrus leg green!"
Crazy Yiuf cries, "Lugonu pontify dark!"
Crazy Yiuf says, "Ghoul!"
Crazy Yiuf screams, "Blight!"
You barely miss Crazy Yiuf.
Crazy Yiuf sings, "Trees, trees, trees, circus!"
Crazy Yiuf closely misses you.
There is an open door here.
Crazy Yiuf hits you with a +3 quarterstaff of chaos.
Crazy Yiuf burns you.
There are no items here.
Crazy Yiuf closely misses you.
Crazy Yiuf grits, "Citrus poople sow!"
Crazy Yiuf yells, "East hog toodlewoodle!"
Crazy Yiuf whimpers, "East!"
Casting: Magic Dart (safe; 6% risk of failure)
Confirm with . or Enter, or press ? or * to list all spells.
The spell is extremely dangerous to cast (24% risk of failure)!
Continue anyway? [Y]es or [N]o only, please.
The spell is extremely dangerous to cast (24% risk of failure)!
Continue anyway?
Uppercase [Y]es or [N]o only, please.
The spell is extremely dangerous to cast (24% risk of failure)!
Continue anyway?
You miscast Conjure Flame.
You are very lightly contaminated with residual magic.
Nothing appears to happen.
Crazy Yiuf screams, "Tosser song horse!"
Crazy Yiuf hits you with a +3 quarterstaff of chaos!
Crazy Yiuf burns you.
Crazy Yiuf hits you with a +3 quarterstaff of chaos.
You are confused.
You barely miss Crazy Yiuf. Crazy Yiuf barely misses you.
You're too confused to move!
Crazy Yiuf hits you with a +3 quarterstaff of chaos!
You die...

###### ###....# #######
#......#
......############......#####
......'............._........
.......#...............######
.........########......#
.####....# #....<..#.....# .#
##..## #....@..#####.# ##
#....# #....g....# .# ##...#
#####.....# # ##.## #.....#
## ##.# #.....# .# #.##
#.##### ## ##.# #.# .# #.##
... ∆ ∆ ## #'# ####


You could see Crazy Yiuf.

Vanquished Creatures
  A dart slug (D:1)
  4 ball pythons
  A bat (D:1)
  3 endoplasms (D:1)
  2 giant cockroaches
  2 goblins (D:1)
  4 hobgoblins (D:1)
  3 jackals
  2 kobolds (D:1)
  2 quokkas (D:1)
  A frilled lizard (D:1)
  3 rats (D:1)
28 creatures vanquished.

Notes
Turn   | Place    | Note
-------+----------+-------------------------------------------
     0 | D:1      | iwittbrodt the Gnoll Hedge Wizard began the quest for the
                  | Orb.
     0 | D:1      | Reached XP level 1. HP: 13/13 MP: 8/8
   267 | D:1      | Reached XP level 2. HP: 17/19 MP: 3/10
   322 | D:1      | Learned a level 2 spell: Call Imp
   789 | D:1      | Found a faded altar of an unknown god.
   957 | D:1      | Reached XP level 3. HP: 25/25 MP: 6/11
  1158 | D:2      | Found an ornate altar of the Wu Jian Council.
  1498 | D:2      | Learned a level 3 spell: Conjure Flame
  1502 | D:2      | Learned a level 3 spell: Mephitic Cloud
  1687 | D:2      | Found a runed translucent door.
  1688 | D:2      | Noticed Crazy Yiuf
  1737 | D:2      | Slain by Crazy Yiuf

Illustrated notes

Levels and vault maps discovered:
D:1:      dpeg_arrival_pond, layout_loops_ring,
          shapermc_ecumenical_altar_mp_urbaneastern, minmay_box_of_dots
D:2:      layout_basic, basic_altar, uniq_crazy_yiuf_cottage

Skill      XL: |  1 |
---------------+----+-----
Conjurations   | 2 |  2.1
Summonings     | 2 |  2.1
Translocations | 2 |  2.1
Fighting       | |  0.7
Short Blades   | |  0.7
Long Blades    | |  0.7
Axes           | |  0.7
Maces & Flails | |  0.7
Polearms       | |  0.7
Staves         | |  0.7
Slings         | |  0.7
Bows           | |  0.7
Crossbows      | |  0.7
Throwing       | |  0.7
Armour         | |  0.7
Dodging        | |  4.5
Stealth        | |  4.1
Shields        | |  0.7
Unarmed Combat | |  0.7
Spellcasting   | |  7.1
Hexes          | |  0.5
Necromancy     | |  0.5
Transmutations | |  0.5
Fire Magic     | |  0.5
Ice Magic      | |  0.5
Air Magic      | |  0.5
Earth Magic    | |  0.5
Poison Magic   | |  0.5
Invocations    | |  0.9
Evocations     | |  0.7

Action                   || total
-------------------------++-------
Melee: Dagger            ||    11
 Cast: Magic Dart        ||    72
       Call Imp          ||     1
Armor: Robe              ||     8
Dodge: Dodged            ||    35
